AoeStats
← InTrUd3r2855

Arabia

509257627Analyzed
4v4 RM · 7d ago on Sep 26, 2026· 54m 7s· 8 players
Game mode
Random Map
Map size
Large (8 player)
Population
200
Speed
Normal
Resources
Standard
Victory
Conquest
Starting age
Dark Age
Ending age
Imperial Age
RankedLock teamsTeams togetherTeam positionsShared explorationLock speedFull tech treeHidden civsTurbo modeCheats
Victory
Defeat
🇺🇸 Huns · United States
787
+14
🇨🇳 Gurjaras · China
742
+16
🇬🇧 Japanese · United Kingdom
739
+19
🇵🇪 Britons · Peru
685
+18
🇨🇴 Varangians · Colombia
937
-25
🇨🇴 Gurjaras · Colombia
777
-18
🇨🇱 Mongols · Chile
675
-13
🇨🇴 Jurchens · Colombia
536
-8
ABSENT007
3:18 Loom
11:12 Feudal Age
13:47 Wheelbarrow
13:48 Horse Collar
18:40 Double-Bit Axe
18:48 Gold Mining
20:08 Stone Mining
24:49 Castle Age
25:01 Scale Barding Armor
25:06 Forging
25:09 Bloodlines
26:38 Heavy Plow
26:52 Bow Saw
26:46 Husbandry
27:24 Iron Casting
27:09 Chain Barding Armor
28:10 Gold Shaft Mining
28:04 Marauders
31:50 Hand Cart
42:20 Imperial Age
45:35 Elite Tarkan
46:36 Conscription
46:58 Plate Barding Armor
47:23 Blast Furnace
l.zevallos
4:02 Loom
11:30 Feudal Age
12:02 Double-Bit Axe
11:59 Horse Collar
21:14 Castle Age
20:22 Fletching
20:32 Padded Archer Armor
20:31 Gold Mining
22:23 Bow Saw
22:14 Heavy Plow
22:57 Bodkin Arrow
24:17 Leather Archer Armor
24:05 Crossbowman
29:37 Wheelbarrow
28:51 Town Watch
29:50 Gold Shaft Mining
30:36 Hand Cart
30:57 Caravan
38:16 Imperial Age
38:30 Arbalester
39:48 Yeomen
40:01 Ring Archer Armor
39:32 Bracer
41:07 Warwolf
41:29 Conscription
41:43 Ballistics
42:24 Chemistry
41:36 Fortified Wall
41:21 Murder Holes
42:31 Elite Longbowman
44:42 Hoardings
44:14 Treadmill Crane
44:45 Masonry
seven
12:59 Feudal Age
13:28 Double-Bit Axe
22:41 Castle Age
22:10 Stone Mining
25:29 Horse Collar
26:02 Bow Saw
28:05 Bloodlines
27:56 Husbandry
27:51 Town Watch
28:42 Wheelbarrow
28:58 Heavy Plow
30:45 Gold Mining
35:32 Town Patrol
35:48 Hand Cart
37:01 Gold Shaft Mining
42:39 Imperial Age
42:10 Stone Shaft Mining
41:23 Treadmill Crane
41:54 Masonry
41:56 Kshatriyas
42:40 Scale Barding Armor
42:47 Forging
43:40 Heavy Camel Rider
44:10 Elite Shrivamsha Rider
45:26 Crop Rotation
45:19 Conscription
45:26 Frontier Guards
45:32 Frontier Guards
47:11 Caravan
48:20 Loom
49:14 Iron Casting
52:25 Chain Barding Armor
51:30 Elite Chakram Thrower
52:52 Light Cavalry
InTrUd3r2855
13:45 Feudal Age
20:38 Castle Age
21:23 Wheelbarrow
20:44 Loom
21:56 Wheelbarrow
21:06 Loom
26:25 Horse Collar
29:09 Gold Mining
36:02 Hand Cart
39:38 Double-Bit Axe
39:59 Scale Mail Armor
40:00 Padded Archer Armor
40:10 Forging
40:08 Scale Barding Armor
43:25 Imperial Age
44:08 Ballistics
43:30 Treadmill Crane
44:01 Masonry
kush574
14:02 Feudal Age
21:23 Castle Age
22:16 Arson
25:25 Wheelbarrow
26:07 Double-Bit Axe
27:07 Hand Cart
27:47 Caravan
28:56 Bow Saw
29:12 Gold Mining
34:43 Gold Shaft Mining
34:00 Stone Mining
34:19 Fortified Bastions
39:17 Scale Barding Armor
39:24 Forging
45:31 Imperial Age
44:07 Stone Shaft Mining
45:07 Horse Collar
46:37 Elite Iron Pagoda
Sir Mandelbrot
12:35 Feudal Age
13:16 Loom
13:23 Double-Bit Axe
14:11 Horse Collar
18:14 Bloodlines
22:18 Castle Age
20:35 Scale Barding Armor
22:50 Bloodlines
22:53 Forging
23:21 Wheelbarrow
24:37 Bow Saw
24:32 Scale Mail Armor
24:54 Chain Barding Armor
25:12 Iron Casting
24:30 Fletching
24:29 Horse Collar
25:40 Scale Mail Armor
25:52 Gold Mining
25:52 Stone Mining
25:59 Stone Mining
28:28 Bodkin Arrow
30:27 Husbandry
33:13 Murder Holes
33:18 Pikeman
39:45 Imperial Age
44:33 Imperial Age
44:39 Hand Cart
44:09 Town Watch
44:39 Scale Mail Armor
46:09 Chain Mail Armor
48:20 Halberdier
49:01 Squires
dperezm91
11:29 Feudal Age
13:50 Double-Bit Axe
14:12 Horse Collar
19:42 Stone Mining
20:32 Forging
21:03 Scale Barding Armor
25:56 Castle Age
28:37 Wheelbarrow
29:35 Heavy Plow
29:51 Bow Saw
32:45 Gold Mining
34:41 Elite Skirmisher
35:53 Fletching
36:04 Padded Archer Armor
45:49 Ballistics
45:25 Murder Holes
47:29 Chain Barding Armor
49:18 Hand Cart
51:35 Imperial Age
51:34 Padded Archer Armor
Tomacho
5:50 Loom
12:46 Feudal Age
15:59 Wheelbarrow
15:11 Horse Collar
15:20 Double-Bit Axe
21:40 Stone Mining
21:43 Gold Mining
25:06 Castle Age
24:04 Forging
23:45 Fletching
23:55 Padded Archer Armor
23:56 Scale Mail Armor
25:19 Scale Barding Armor
26:48 Stone Shaft Mining
26:15 Heavy Plow
26:29 Bow Saw
28:26 Hand Cart
37:12 Imperial Age
36:04 Iron Casting
35:44 Chain Mail Armor
39:51 Elite Mangudai
42:23 Ballistics
43:05 Chemistry
45:24 Gold Shaft Mining
55:31 Blast Furnace
55:01 Plate Mail Armor
54:52 Chain Barding Armor
54:48 Leather Archer Armor
54:29 Bodkin Arrow
Connection lost

Rejoining the realm…

Still unreachable

The connection could not be restored.

Session expired

The server has moved on; the page needs a fresh start.